 Dungeon Crawl Stone Soup version 0.29-a0-25-g7f48f510a0 (webtiles) character file.

Game seed: 9176391793272868617

9481 JackAllcraft the Fighter (level 11, -4/85 HPs)
             Began as a Djinni Venom Mage on Jan 31, 2022.
             Was an Initiate of Ashenzari.
             Slain by a seven-headed hydra (7 damage)
             ... on level 11 of the Dungeon.
             The game lasted 00:52:00 (10732 turns).

JackAllcraft the Fighter (Djinni Venom Mage)       Turns: 10732, Time: 00:52:01

Health: -4/85      AC:  7    Str: 11    XL:     11   Next: 75%
Gold:   493        EV: 14    Int: 24    God:    Ashenzari [......] SH:  4 Dex: 15

rFire   + . .      SeeInvis .   y - +6 dagger "Augurer of Ashenzari" {elec, Str+4 Int+2, Fort, Melee} (curse)
rCold   + . .      Faith    .   H - +0 buckler
rNeg    . . .      Spirit   .   q - +4 robe of Zetoat {*Corrode rC+ Regen+ Int+2}
rPois   ∞          Reflect  .   n - +0 helmet
rElec   .          Harm     .   (no cloak)
rCorr   .          Rampage  .   (no gloves)
Will    ++...                   (boots unavailable)
Stlth   ++........              (no amulet)
HPRegen 1.04/turn               d - ring of willpower
MPRegen 0.00/turn               h - ring of ice

@: flying
A: sickness immunity, fire resistance 2, cold vulnerability 1, float, innate
caster, HP casting, extra vitality 1
a: Renounce Religion, Curse Item, Shatter the Chains


You were on level 11 of the Dungeon.
You worshipped Ashenzari.
Ashenzari was noncommittal.
You visited 2 branches of the dungeon, and saw 12 of its levels.
You also visited: Sewer.

You collected 493 gold pieces.

Inventory:

Hand Weapons
 a - a +1 short sword of protection
 y - the cursed +6 dagger "Augurer of Ashenzari" (weapon) {elec, Str+4 Int+2, Fort, Melee}
   (You found it on level 6 of the Dungeon)

   It occasionally discharges a powerful burst of electricity upon striking a
   foe.
   Str:       It affects your strength (+4).
   Int:       It affects your intelligence (+2).
   It has a curse which improves the following skills: Fortitude: Armour and
   Shields.
   Melee Combat: Short Blades, Long Blades, Axes, Maces & Flails, Polearms,
   Staves and Unarmed Combat.
Missiles
 l - 196 stones
 C - a throwing net
Armour
 n - a +0 helmet (worn)
 q - the +4 robe of Zetoat (worn) {*Corrode rC+ Regen+ Int+2}
   (You found it on level 3 of the Dungeon)

   Int:       It affects your intelligence (+2).
   rC:        It protects you from cold.
   Regen:     It increases your rate of health regeneration.
   *Corrode:  It may corrode you when you take damage.
 H - a +0 buckler (worn)
Jewellery
 d - a ring of willpower (left hand)
 h - a ring of ice (right hand)
 B - a +4 ring of evasion
Wands
 w - a wand of acid (4)
 A - a wand of mindburst (9)
 G - a wand of flame (11)
Scrolls
 g - 2 scrolls of magic mapping
 j - a scroll of vulnerability
 k - a scroll of acquirement {unknown}
 m - 2 scrolls of immolation
 t - a scroll of enchant weapon {unknown}
 v - 3 scrolls of fog
 x - a scroll of summoning
 D - 2 scrolls of enchant armour {unknown}
 E - a scroll of identify
 F - a scroll of silence {unknown}
 I - a scroll of teleportation
Potions
 b - 2 potions of flight {unknown}
 c - a potion of resistance {unknown}
 e - a potion of haste {unknown}
 f - 3 potions of attraction {unknown}
 i - a potion of mutation {unknown}
 o - 3 potions of might
 p - 2 potions of heal wounds
 r - a potion of invisibility {unknown}
 s - 2 potions of curing
 u - a potion of brilliance {unknown}
 z - a potion of cancellation {unknown}


   Skills:
 + Level 10.1 Fighting
 * Level 6.0(6.4) Short Blades
 - Level 0.3 Slings
 + Level 3.0(3.4) Armour
 - Level 5.9 Dodging
 - Level 1.7 Stealth
 * Level 0.9(1.2) Shields
 * Level 9.1 Spellcasting


You had 4 spell levels left.
You knew the following spells:

 Your Spells              Type           Power      Damage    Failure   Level
a - Poisonous Vapours     Pois/Air       100%       N/A       1%          2
b - Mephitic Cloud        Conj/Pois/Air  53%        N/A       1%          3
c - Flame Wave            Conj/Fire      53%        2d11      1%          4
d - Olgreb's Toxic Radia  Pois           53%        N/A       1%          4
e - Vampiric Draining     Necr           53%        2d9       1%          3
f - Wereblood             Tmut           53%        N/A       1%          2
g - Apportation           Tloc           100%       N/A       1%          1
h - Sting                 Tmut/Pois      100%       1d8       1%          1
i - Cause Fear            Hex            26%        N/A       1%          4
Your spell library was empty.

Dungeon Overview and Level Annotations

Branches:
Dungeon (11/15)            Temple (1/1) D:6            Lair (0/6) D:8
    Orc (0/2) D:9           Sewer (visited)

Altars:
Ashenzari
Dithmenos
Elyvilon
Fedhas
Gozag
Hepliaklqana
Kikubaaqudgha
Makhleb
Nemelex Xobeh
Okawaru
Qazlal
Ru
Sif Muna
Trog
Uskayaw
Vehumet
Wu Jian
Xom
Zin
The Shining One

Shops:
D:2 :

Annotations:
D:4 1 runed translucent door, Crazy Yiuf
D:5 Ijyb
D:9 2 runed translucent doors
D:10 2 runed translucent doors, exclusion: orange crystal statue
D:11 Fannar


Innate Abilities, Weirdness & Mutations

You are immune to sickness and miasma.
You are immune to poison.
Your flesh is very heat resistant. (rF++)
You are vulnerable to cold. (rC-)
You float through the air rather than walking.
You learn spells naturally, not from books.
Your magical power is your life essence.
You have superior vitality. (+4 MHP)


Message History

A wave of flame ripples out!
The flame wave engulfs the seven-headed hydra!
The seven-headed hydra is moderately wounded. (Press . to intensify the flame waves.)
The seven-headed hydra bites you! The seven-headed hydra bites you. x2
The seven-headed hydra bites you!
Your corrosive artefact corrodes you!
You block the seven-headed hydra's attack.
The seven-headed hydra bites you. The seven-headed hydra bites you!
There is a stone staircase leading up here.
You are no longer corroded.
There is a stone staircase leading up here.
There is a stone staircase leading up here.
Casting: Flame Wave (dangerous; 1% risk of failure)
Confirm with . or Enter, or press ? or * to list all spells.
Casting: Flame Wave (dangerous; 1% risk of failure)
Press: ? - help, Dir - look around, f - activate A wave of flame ripples out!
The flame wave engulfs the seven-headed hydra!
The seven-headed hydra is moderately wounded. (Press . to intensify the flame waves.)
The seven-headed hydra bites you. The seven-headed hydra bites you!
The seven-headed hydra misses you. The seven-headed hydra bites you! x2
The seven-headed hydra misses you. The seven-headed hydra bites you!
A wave of flame ripples out!
The flame wave engulfs the seven-headed hydra.
The seven-headed hydra is moderately wounded.
The seven-headed hydra bites you but does no damage. x3
The seven-headed hydra barely misses you. x2
The seven-headed hydra bites you but does no damage.
The seven-headed hydra bites you!
A wave of flame ripples out!
The flame wave engulfs the seven-headed hydra!
The seven-headed hydra is heavily wounded.
You finish channelling waves of flame.
The seven-headed hydra bites you. The seven-headed hydra bites you!
* * * LOW HITPOINT WARNING * * *
The seven-headed hydra bites you!
* * * LOW HITPOINT WARNING * * *
The seven-headed hydra bites you!
You die...

#..................
#...........#######
#...........#
#...........#
#...........#
#.######....# #.#
#....#
#.######....#
#.@D.<......#
#...............
################


You could see a seven-headed hydra.

Vanquished Creatures
  A two-headed ogre (D:10)
  Pikel (D:5)
  A manticore (D:7)
  Maggie (D:8)
  A kobold demonologist (D:8)
  A komodo dragon (D:8)
  Grinder (D:5)
  A troll (D:8)
  A wraith (D:10)
  2 vampires
  3 shadows
  5 yaks (D:10)
  A basilisk (shapeshifter) (D:8)
  A steam dragon (D:7)
  2 wyverns
  A two-headed ogre zombie (D:9)
  An acid dragon (D:8)
  A water moccasin (D:8)
  2 ice beasts
  2 sky beasts
  4 orc warriors
  5 centaurs
  An ogre (D:3)
  A necrophage (D:5)
  Blork the orc (D:6)
  2 phantoms
  2 kobold brigands
  4 bullfrogs
  2 gnoll sergeants
  A scorpion (D:7)
  A wyvern skeleton (D:6)
  5 wights
  2 troll zombies (D:9)
  9 killer bees
  3 centaur zombies
  A hound (D:6)
  5 orc priests
  A gnoll shaman (D:9)
  A jelly (D:7)
  4 iguanas
  9 orc wizards
  A scorpion zombie (D:5)
  5 ogre zombies (D:9)
  A hound skeleton (D:5)
  Robin (D:2)
  17 gnolls
  3 river rats (Sewer)
  11 adders
  3 white imps
  An ufetubus (D:7)
  An adder skeleton (D:4)
  6 worms (Sewer)
  2 dart slugs
  37 orcs
  6 endoplasms
  6 giant cockroaches
  15 goblins
  4 hobgoblins
  A quokka (D:3)
  10 ball pythons
  3 bats
  A frilled lizard (D:3)
  3 goblin skeletons (D:9)
  4 goblin zombies (D:9)
  2 hobgoblin skeletons (D:9)
  3 hobgoblin zombies (D:9)
  18 kobolds
  2 orc skeletons (D:9)
  11 orc zombies (D:9)
  6 rats
278 creatures vanquished.

Vanquished Creatures (others)
  3 fungi (D:3)
  14 plants
17 creatures vanquished.

Grand Total: 295 creatures vanquished

Notes
Turn   | Place    | Note
-------+----------+-------------------------------------------
     0 | D:1      | JackAllcraft the Djinni Venom Mage began the quest for the
                  | Orb.
     0 | D:1      | Reached XP level 1. HP: 15/15 MP: 0/0
     6 | D:1      | Noticed a wolf
     6 | D:1      | Noticed a polar bear
     7 | D:1      | Noticed a salamander
     7 | D:1      | Noticed a four-headed hydra
   280 | D:1      | Reached XP level 2. HP: 19/21 MP: 0/0
  1274 | D:2      | Found Finwome's Book Shop.
  1421 | D:2      | Reached XP level 3. HP: 14/25 MP: 0/0
  1421 | D:2      | Learned a level 1 spell: Apportation
  1568 | D:2      | Noticed Robin
  2005 | D:2      | Killed Robin
  2006 | D:2      | Reached XP level 4. HP: 20/31 MP: 0/0
  2996 | D:3      | Identified the +4 robe of Zetoat {*Corrode rC+ Regen+
                  | Int+2}
  3148 | D:3      | Found a faded altar of an unknown god.
  3198 | D:3      | Found an iron altar of Okawaru.
  3359 | D:4      | Reached XP level 5. HP: 35/36 MP: 0/0
  3359 | D:4      | Learned a level 2 spell: Wereblood
  3424 | D:4      | Reached skill level 1 in Fighting
  3450 | D:4      | Found an ornate altar of the Wu Jian Council.
  3908 | D:4      | Reached skill level 2 in Fighting
  3908 | D:4      | Reached XP level 6. HP: 32/43 MP: 0/0
  4014 | D:4      | Noticed an ogre
  4042 | D:3      | Killed an ogre
  4111 | D:4      | Found a runed translucent door.
  4112 | D:4      | Noticed Crazy Yiuf
  4265 | D:5      | Entered Level 5 of the Dungeon
  4265 | D:5      | Noticed a necrophage
  4572 | D:5      | Found a bloodstained altar of Trog.
  4682 | D:5      | Noticed Grinder
  4827 | D:5      | Noticed Pikel
  4827 | D:5      | Noticed a necrophage
  4857 | D:5      | Killed Pikel
  4858 | D:5      | Reached skill level 4 in Fighting
  4858 | D:5      | Reached skill level 5 in Spellcasting
  4858 | D:5      | Reached XP level 7. HP: 51/53 MP: 0/0
  4858 | D:5      | Learned a level 3 spell: Vampiric Draining
  4858 | D:5      | Reached XP level 8. HP: 56/58 MP: 0/0
  5015 | D:5      | Killed Grinder
  5016 | D:5      | Reached skill level 5 in Fighting
  5030 | D:5      | Reached skill level 5 in Dodging
  5038 | D:5      | Noticed Ijyb
  5233 | D:5      | Found a hazy altar of Hepliaklqana.
  5544 | D:6      | Reached skill level 6 in Fighting
  5544 | D:6      | Reached XP level 9. HP: 56/66 MP: 0/0
  5544 | D:6      | Learned a level 4 spell: Flame Wave
  5561 | D:6      | Found a glowing drain.
  5587 | Sewer    | Entered a sewer
  6389 | D:6      | Found a staircase to the Ecumenical Temple.
  6399 | Temple   | Entered the Ecumenical Temple
  6446 | Temple   | Became a worshipper of Ashenzari the Shackled
  6517 | D:6      | Identified the +6 dagger "Boubanec" {elec, Str+4 Int+2}
  6617 | D:6      | Noticed Blork the orc
  6626 | D:6      | Killed Blork the orc
  6698 | D:6      | Found a glowing silver altar of Zin.
  7039 | D:6      | Reached skill level 7 in Fighting
  7078 | D:7      | Noticed a manticore
  7086 | D:7      | Killed a manticore
  7087 | D:7      | Reached skill level 1 in Short Blades
  7234 | D:7      | Reached XP level 10. HP: 73/76 MP: 0/0
  7377 | D:7      | Reached skill level 8 in Fighting
  8010 | D:8      | Noticed a komodo dragon
  8024 | D:8      | Killed a komodo dragon
  8035 | D:8      | Reached skill level 9 in Fighting
  8079 | D:8      | Found a staircase to the Lair.
  8197 | D:8      | Noticed a kobold demonologist
  8219 | D:8      | Noticed Maggie
  8306 | D:8      | Noticed a rust devil
  8306 | D:8      | Noticed a sixfirhy
  8316 | D:8      | Killed a kobold demonologist
  8902 | D:8      | Killed Maggie
  8903 | D:8      | Reached XP level 11. HP: 70/84 MP: 0/0
  8903 | D:8      | Learned a level 4 spell: Cause Fear
  9103 | D:9      | Noticed a fire dragon
  9103 | D:9      | Found the +2 shield of Resistance {rF++ rC++ Will++}
  9104 | D:9      | Noticed an ice dragon
  9110 | D:9      | Found a runed translucent door.
  9111 | D:9      | Found a runed translucent door.
  9112 | D:9      | Noticed an ice dragon
  9112 | D:9      | Noticed a fire dragon
  9164 | D:9      | Found a staircase to the Orcish Mines.
  9230 | D:9      | Reached skill level 1 in Armour
  9639 | D:10     | Entered Level 10 of the Dungeon
  9639 | D:10     | Noticed an orange crystal statue
  9639 | D:10     | Found a runed translucent door.
  9640 | D:10     | Found the +10 tower shield of Ignorance {rN+ Int-4}
  9667 | D:10     | Reached skill level 5 in Short Blades
  9788 | D:10     | Noticed a two-headed ogre
  9809 | D:10     | Killed a two-headed ogre
  9869 | D:10     | Reached skill level 10 in Fighting
 10030 | D:10     | Found a white marble altar of Elyvilon.
 10264 | D:10     | Found a runed translucent door.
 10571 | D:11     | Noticed Fannar
 10667 | D:11     | Noticed a seven-headed hydra
 10732 | D:11     | HP: 3/85 [seven-headed hydra (15)]
 10732 | D:11     | Slain by a seven-headed hydra

Illustrated notes

Levels and vault maps discovered:
D:1:      onia_arrival_zoo_common, layout_basic, chequers_serial_rivers_large_b
D:2:      layout_rooms, serial_shops, nicolae_shop_behind_doors, uniq_robin
D:3:      layout_basic, mainiacjoe_overflow_catwalk,
          shapermc_ecumenical_altar_mp_ritualfount
D:4:      minmay_angry_zag, layout_cave_pools,
          mainiacjoe_overflow_six_doors_small, serial_column_ruins,
          column_ruins_circle_medium, column_ruins_hut, column_ruins_open_tiny,
          column_ruins_open_large, column_ruins_columns_dead_end,
          column_ruins_grid_3, column_ruins_grid_1, uniq_crazy_yiuf_cottage
D:5:      layout_loops_ring, mainiacjoe_overflow_alcove_1,
          kennysheep_little_box, serial_glass, glass_columns_c, glass_columns_c,
          glass_columns_b, glass_columns_a, glass_columns_a, glass_columns_b,
          glass_columns_a, glass_columns_b, glass_columns_b, glass_columns_a,
          glass_columns_b, glass_columns_a, glass_columns_a, glass_columns_a,
          minmay_misc_feat_x, uniq_pikel, uniq_ijyb, uniq_grinder
D:6:      layout_basic, lemuel_round_altar, minmay_temple_entry_antechambers,
          gup_sewer_entry_glass, uniq_blork_the_orc
D:7:      layout_rooms, nicolae_vehumet_radiance, nicolae_overflow_hidden_temple
D:8:      layout_rooms, david_lair_shrubbed, kb_rosetta, uniq_maggie
D:9:      layout_roguey, zombieorc2_lemuel, minmay_guarded_unrand_resistance
D:10:     layout_cave_pools, mainiacjoe_overflow_tiny_flanked,
          chequers_guarded_unrand_ignorance
D:11:     layout_stronghold, hangedman_tell_no_tales, uniq_fannar
Temple:   cyrus_circular_temple

Skill      XL: |  1  2  3  4  5  6  7  8  9 10 11 |
---------------+----------------------------------+-----
Spellcasting   | 3 4 5 6 7 8 9 |  9.1
Fighting       | 2 4 6 7 9 10 | 10.1
Dodging        | 3 4 5 |  5.9
Short Blades   | 2 4 6 |  6.0
Armour         | 3 |  3.0
Slings         | |  0.3
Stealth        | |  1.7
Shields        | |  0.9

Action                   |  1- 3 |  4- 6 |  7- 9 | 10-12 || total
-------------------------+-------+-------+-------+-------++-------
Melee: Dagger            |     6 |       |    28 |   214 ||   248
       Short sword       |       |       |   323 |       ||   323
       Unarmed           |       |       |    26 |       ||    26
       Punch             |       |       |     4 |     3 ||     7
 Fire: Hunting sling     |     1 |   117 |     7 |       ||   125
 Cast: Sting             |    41 |    65 |    12 |       ||   118
       Poisonous Vapours |       |     7 |    38 |    21 ||    66
       Wereblood         |       |       |     1 |       ||     1
       Flame Wave        |       |       |    11 |    25 ||    36
       Mephitic Cloud    |       |       |     7 |     7 ||    14
       Vampiric Draining |       |       |     1 |       ||     1
       Olgreb's Toxic Ra |       |       |       |    14 ||    14
Invok: Curse Item        |       |       |       |     1 ||     1
Evoke: Wand              |       |       |     2 |       ||     2
  Use: Scroll            |       |       |    10 |     1 ||    11
       Potion            |       |       |     1 |       ||     1
 Stab: Sleeping          |       |       |     2 |     2 ||     4
       Confused          |       |       |     1 |     3 ||     4
Armor: Robe              |     7 |    31 |   121 |    55 ||   214
       Skin              |       |       |    18 |       ||    18
Dodge: Dodged            |    29 |    47 |   245 |   192 ||   513
Block: Buckler           |       |       |       |     7 ||     7

Table legend: (Time is in decaauts)
 A = Elapsed time spent in this place.
 B = Non-inter-level travel time spent in this place.
 C = Inter-level travel time spent in this place.
 D = Time resting spent in this place.
 E = Time spent auto-exploring this place.
 F = Levels seen in this place.
 G = Mean time per level.
                   A        B        C        D        E       F      G
               +--------+--------+--------+--------+--------+-----+--------+
         Total |  10758 |  10176 |    582 |   1182 |   6040 |  13 |  827.5 |
       Dungeon |   9927 |   9359 |    568 |   1182 |   5656 |  11 |  902.5 |
        Temple |     58 |     44 |     14 |      0 |     34 |   1 |   58.0 |
         Sewer |    771 |    771 |      0 |      0 |    350 |   1 |  771.0 |
               +--------+--------+--------+--------+--------+-----+--------+

Top non-repeatable levels by time:
     D:1: 1558 daAuts
     D:8: 1139 daAuts
     D:5: 1087 daAuts
     D:3: 966 daAuts
     D:4: 957 daAuts
     D:2: 906 daAuts
     D:6: 826 daAuts
    D:10: 813 daAuts
   Sewer: 771 daAuts
     D:7: 749 daAuts
     D:9: 720 daAuts
    D:11: 202 daAuts
  Temple: 58 daAuts
